 Dungeon Crawl Stone Soup version 0.28.0-1-gb440e238dd (webtiles) character file.

Game seed: 17134361535499362886

8134 fknight the Covered (level 10, -3/84 HPs)
             Began as a Demigod Fighter on Feb 20, 2022.
             Slain by a two-headed ogre (19 damage)
             ... on level 11 of the Dungeon.
             The game lasted 00:52:35 (10077 turns).

fknight the Covered (Demigod Fighter)              Turns: 10077, Time: 00:52:35

Health: -3/84      AC: 15    Str: 25    XL:     10   Next: 77%
Magic:  13/13      EV:  8    Int: 10    God:
Gold:   521        SH:  6    Dex: 17    Spells: 9/9 levels left

rFire   + . .      SeeInvis .   u - +4 spear of Tumult {venom, *Noise rF+ Will++ rCorr}
rCold   . . .      Faith    .   c - +0 buckler
rNeg    + . .      Spirit   .   G - +0 plate armour
rPois   +          Reflect  .   g - +0 helmet
rElec   .          Harm     .   H - +1 cloak {Stlth+}
rCorr   +          Rampage  .   E - +0 pair of gloves
Will    +++..                   s - +1 pair of boots
Stlth   ..........              o - amulet of regeneration
HPRegen 1.04/turn               Q - ring of positive energy
MPRegen 0.13/turn               L - ring of flight

@: mighty, on berserk cooldown, flying, slowed, very slow
A: high MP 1, forlorn, divine attributes, deformed body, poison resistance
a: no special abilities


You were on level 11 of the Dungeon.
You visited 1 branch of the dungeon, and saw 11 of its levels.

You collected 611 gold pieces.
You spent 90 gold pieces at shops.

Inventory:

Hand Weapons
 a - a +1 rapier
 m - a +1 flail of holy wrath
 q - a +2 quarterstaff of chaos
 u - the +4 spear of Tumult (weapon) {venom, *Noise rF+ Will++ rCorr}
   (You found it on level 10 of the Dungeon)

   It poisons the flesh of those it strikes.
   rF:        It protects you from fire.
   *Noise:    It may make noises in combat.
   rCorr:     It protects you from acid and corrosion.
   Will:      It greatly increases your willpower.
 v - a +1 vampiric hand axe
 w - a +2 mace of protection
 y - a +0 dagger of draining
 z - a +4 spear of flaming
 B - a +5 hand axe
 F - a +0 executioner's axe
 N - a +2 war axe of flaming
 O - a +2 short sword
 P - a +5 hand axe of freezing
 U - a +2 great sword of protection
Missiles
 f - 179 arrows
 i - 209 stones (quivered)
 l - 26 poisoned darts
 C - 2 curare-tipped darts
 D - a throwing net
 M - 3 javelins
 Y - 4 silver javelins
Armour
 b - a +2 cloak
 c - a +0 buckler (worn)
 g - a +0 helmet (worn)
 h - a scarf of invisibility
 k - +0 steam dragon scales
 n - a +3 scale mail of cold resistance
 s - a +1 pair of boots (worn)
 E - a +0 pair of gloves (worn)
 G - a +0 plate armour (worn)
 H - a +1 cloak of stealth (worn)
 I - +0 swamp dragon scales
 S - a +0 pair of gloves
 T - a +0 troll leather armour
 Z - a scarf of repulsion
Jewellery
 o - an amulet of regeneration (around neck)
 t - a ring of magical power
 x - a ring of ice
 L - a ring of flight (right hand)
 Q - a ring of positive energy (left hand)
Wands
 j - a wand of flame (18)
 J - a wand of acid (8)
 X - a wand of iceblast (5)
Scrolls
 r - 2 scrolls of teleportation
Potions
 e - 2 potions of flight
 p - 2 potions of brilliance
 V - a potion of resistance
 W - a potion of magic


   Skills:
 + Level 6.9 Fighting
 + Level 5.1(5.3) Short Blades
 + Level 1.6(3.6) Long Blades
 + Level 7.4 Maces & Flails
 + Level 4.0 Polearms
 + Level 2.2 Throwing
 + Level 7.8 Armour
 + Level 2.4 Dodging
 + Level 0.9 Stealth
 + Level 6.5 Shields
 + Level 0.2 Evocations


You had 9 spell levels left.
You didn't know any spells.
Your spell library contained the following spells:

 Spells                   Type           Power      Damage    Failure   Level
 Animate Skeleton         Necr           0%         N/A       99%         1
 Pain                     Necr           0%         1d4       99%         1
 Sandblast                Erth           0%         2d4       99%         1
 Passwall                 Tmut/Erth      0%         N/A       100%        2
 Stone Arrow              Conj/Erth      0%         3d7       100%        3
 Vampiric Draining        Necr           0%         2d6       100%        3


Dungeon Overview and Level Annotations

Branches:
Dungeon (11/15)            Temple (0/1) D:4
   Lair: D:8-11         Orc: D:9-12


Innate Abilities, Weirdness & Mutations

You have an increased reservoir of magic. (+10% MP)
You shall have no god before yourself.
Your divine heritage dramatically boosts your attributes as you level up.
Armour fits poorly on your strangely shaped body.
Your system is resistant to poisons. (rPois)


Message History

The yak is severely wounded.
The water moccasin bites you but does no damage.
You hit the yak.
The yak is poisoned.
The yak is severely wounded.
The yak barely misses you. The water moccasin bites you.
* * * LOW HITPOINT WARNING * * *
You puncture the yak!
You kill the yak!
The water moccasin bites you but does no damage.
Your Polearms skill increases to level 4!
You puncture the water moccasin!
You kill the water moccasin!
You puncture the yak!
The yak is poisoned.
The yak is moderately wounded.
You puncture the yak!
The yak is heavily wounded.
The yak gores you!
* * * LOW HITPOINT WARNING * * *
You hit the yak.
The yak is heavily wounded.
The yak barely misses you.
You closely miss the yak.
The yak is heavily wounded.
You closely miss the yak.
The yak is severely wounded.
You are no longer berserk.
You are exhausted.
You feel yourself slow down. The yak gores you but does no damage.
You feel very mighty all of a sudden. The yak gores you.
* * * LOW HITPOINT WARNING * * *
You puncture the yak!
The yak is almost dead.
The yak barely misses you. You block the yak's attack.
You puncture the yak!
The yak is almost dead.
You kill the yak!
The two-headed ogre barely misses you.
The two-headed ogre hits you with a +0 giant club!!
You die...

..................
.....(....... .... ......(...#
..... #....(.†(..# .....
#..........# ......
.............##[.....
#............T.......
.....#......#O####+##
....#...##.#@†.....#
#..#......#.......#
#.........#.......# .
#.........#.......# ###.
#..#..############# ....#
#.....#..##### #.. .
#.....#......# #.# #
#.....#......# #.###
#+#.##))#'################....


You could see a two-headed ogre and a troll.

Vanquished Creatures
  A centaur zombie (D:10)
  Maggie (D:6)
  3 trolls
  Grinder (D:4)
  Sigmund (D:5)
  A shadow (D:10)
  6 wyverns
  A wraith (D:10)
  9 yaks (D:11)
  A basilisk (D:11)
  6 steam dragons
  An acid dragon (D:10)
  3 water moccasins
  Duvessa (D:5)
  A sky beast (D:7)
  An orc warrior (D:8)
  A hornet zombie (D:8)
  2 black bears
  4 ogres
  A necrophage (D:6)
  5 centaurs
  2 phantoms (D:5)
  A bullfrog (D:8)
  A gnoll sergeant (D:10)
  A water moccasin zombie (D:5)
  A wyvern skeleton (D:6)
  A scorpion (D:11)
  Dowan (D:5)
  4 wights (D:9)
  A howler monkey (D:8)
  Crazy Yiuf (D:5)
  2 hounds
  8 orc priests
  3 iron imps (D:3)
  2 iguanas
  Terence (D:2)
  Natasha (thrice) (D:2)
  5 orc wizards
  A killer bee zombie (D:6)
  8 gnolls
  7 adders
  A dart slug (D:1)
  17 orcs
  6 ball pythons
  3 bats
  11 endoplasms
  2 giant cockroaches
  14 goblins
  3 jackals (D:1)
  4 kobolds
  2 quokkas
  2 frilled lizards
  A bush (D:9)
171 creatures vanquished.

Vanquished Creatures (others)
  2 orcs (D:6)
  2 fungi (D:11)
  7 plants (D:11)
11 creatures vanquished.

Grand Total: 182 creatures vanquished

Notes
Turn   | Place    | Note
-------+----------+-------------------------------------------
     0 | D:1      | fknight the Demigod Fighter began the quest for the Orb.
     0 | D:1      | Reached XP level 1. HP: 18/18 MP: 3/3
   237 | D:1      | Reached XP level 2. HP: 25/25 MP: 4/4
  1134 | D:2      | Reached XP level 3. HP: 31/31 MP: 5/5
  1140 | D:2      | Noticed Terence
  1150 | D:2      | Killed Terence
  1360 | D:2      | Noticed Natasha
  1370 | D:2      | Killed Natasha
  1371 | D:2      | Reached XP level 4. HP: 35/38 MP: 6/6
  1492 | D:2      | Noticed Natasha
  1500 | D:2      | Killed Natasha
  1505 | D:2      | Noticed Natasha
  1521 | D:2      | Killed Natasha
  1825 | D:3      | Reached XP level 5. HP: 45/45 MP: 7/7
  2414 | D:4      | Noticed Grinder
  2439 | D:4      | Killed Grinder
  2440 | D:4      | Reached skill level 1 in Throwing
  2440 | D:4      | Reached skill level 1 in Dodging
  2440 | D:4      | Reached XP level 6. HP: 45/52 MP: 8/8
  2832 | D:4      | Found a staircase to the Ecumenical Temple.
  3071 | D:4      | Reached XP level 7. HP: 58/58 MP: 9/9
  3321 | D:5      | Entered Level 5 of the Dungeon
  3431 | D:5      | Noticed Sigmund
  3460 | D:5      | Killed Sigmund
  3461 | D:5      | Reached skill level 5 in Short Blades
  3502 | D:5      | Reached skill level 1 in Maces & Flails
  3687 | D:5      | Reached skill level 5 in Armour
  3730 | D:5      | Noticed Duvessa
  3736 | D:5      | Killed Duvessa
  3736 | D:5      | Noticed Dowan
  3737 | D:5      | Reached XP level 8. HP: 66/66 MP: 10/10
  3755 | D:5      | Killed Dowan
  4073 | D:5      | Found Zin's Purification Station.
  4366 | D:5      | Found a runed translucent door.
  4367 | D:5      | Noticed Crazy Yiuf
  4382 | D:5      | Killed Crazy Yiuf
  4580 | D:5      | Bought a potion of curing for 90 gold pieces
  4910 | D:6      | Noticed Maggie
  4958 | D:6      | Killed Maggie
  5570 | D:7      | Reached skill level 5 in Maces & Flails
  5794 | D:7      | Reached XP level 9. HP: 54/73 MP: 11/11
  5858 | D:7      | Reached skill level 5 in Fighting
  6774 | D:8      | Reached skill level 5 in Shields
  7669 | D:9      | You fall into a shaft and drop 2 floors!
  7675 | D:10     | Entered Level 10 of the Dungeon
  7904 | D:9      | Gained mutation: Armour fits poorly on your strangely
                  | shaped body. [potion of mutation]
  7904 | D:9      | Gained mutation: Your system is resistant to poisons.
                  | (rPois) [potion of mutation]
  8286 | D:9      | Reached XP level 10. HP: 77/82 MP: 13/13
  8530 | D:9      | HP: 1/83 [steam dragon/ball of steam (22)]
  8533 | D:9      | Reached skill level 1 in Long Blades
  9160 | D:10     | Identified the +4 spear of Tumult {venom, *Noise rF+ Will++
                  | rCorr}
  9509 | D:10     | Reached skill level 1 in Polearms
 10041 | D:11     | Noticed a two-headed ogre
 10077 | D:11     | Slain by a two-headed ogre

Illustrated notes

Levels and vault maps discovered:
D:1:      ncdulo_halloftheorcs, layout_loops_ring
D:2:      layout_basic, shapermc_ecumenical_altar_starsandcircs, basic_altar,
          uniq_terence, uniq_natasha
D:3:      layout_basic, demons_altar, chequers_jeans, minmay_misc_feat_plants
D:4:      layout_loops_corners, minmay_temple_entry_hall, uniq_grinder
D:5:      layout_basic, zin_purify, mainiacjoe_overflow_24_doors,
          minmay_ogre_servants, uniq_duvessa, uniq_sigmund,
          uniq_crazy_yiuf_cottage
D:6:      layout_cave_pods, mainiacjoe_overflow_tiny_flanked, uniq_maggie
D:7:      layout_gridville, nemelex_dance_club_becter, general_overflow_altar
D:8:      layout_cave_pools, fedhas_bush_and_centaur_altar,
          hangedman_decor_diamond_cutter, nrook_mini_vaults
D:9:      layout_layer_cave, kb_lookout_dungeons_type,
          hangedman_abyss_or_decor_stabs, mumra_transporter_accident
D:10:     layout_small_grid
D:11:     layout_stronghold, minmay_lair_entry_grove, ashenzari_altar_1

Skill      XL: |  1  2  3  4  5  6  7  8  9 10 |
---------------+-------------------------------+-----
Fighting       | 3 4 5 6 |  6.9
Short Blades   | 2 3 4 5 |  5.1
Armour         | 3 4 5 6 7 |  7.8
Shields        | 3 4 5 6 |  6.5
Throwing       | 1 2 |  2.2
Dodging        | 1 2 |  2.4
Maces & Flails | 3 5 7 |  7.4
Long Blades    | 1 |  1.6
Polearms       | 4 |  4.0
Stealth        | |  0.9
Evocations     | |  0.2

Action                   |  1- 3 |  4- 6 |  7- 9 | 10-12 || total
-------------------------+-------+-------+-------+-------++-------
Melee: Rapier            |    71 |   134 |       |       ||   205
       Mace              |       |       |   504 |       ||   504
       Great sword       |       |       |    11 |    19 ||    30
       Spear             |       |       |       |   186 ||   186
Throw: Dart              |     2 |    11 |     6 |       ||    19
       Stone             |       |     1 |    38 |    22 ||    61
       Throwing net      |       |       |     1 |       ||     1
       Javelin           |       |       |       |     3 ||     3
Evoke: Wand              |       |       |     5 |       ||     5
  Use: Potion            |     2 |     1 |    10 |     4 ||    17
       Scroll            |     2 |     1 |    13 |     3 ||    19
Armor: Scale mail        |    34 |    56 |    55 |       ||   145
       Plate armour      |       |       |   394 |   159 ||   553
Dodge: Dodged            |    27 |    54 |   220 |    78 ||   379
Block: Buckler           |    14 |    31 |   187 |    70 ||   302
